 Seeded DCSS version 0.29.1-2-gbd0b4ee654 (webtiles) character file.

Game seed: 11783567295339809362 (custom seed)

3636 valliere the Zephyrmancer (level 9, -5/78 HPs)
             Began as a Pale Draconian Air Elementalist on Nov 2, 2022.
             Was a Believer of Ashenzari.
             Slain by an orc knight
             ... wielding a +0 war axe
              (16 damage)
             ... in a bailey.
             The game lasted 00:24:06 (7933 turns).

valliere the Zephyrmancer (DrAE)                    Turns: 7933, Time: 00:24:06

Health: -5/78      AC: 16    Str: 11    XL:     9   Next: 87%
Magic:  18/18      EV: 14    Int: 15    God:    Ashenzari [**....]
Gold:   825        SH:  0    Dex: 14    Spells: 15/20 levels left

rFire   . . .      SeeInvis +   C - +5 falchion (elec)
rCold   . . .      Faith    .   (no shield)
rNeg    . . .      Spirit   .   (body armour unavailable)
rPois   .          Reflect  .   (helmet restricted)
rElec   .          Harm     .   (no cloak)
rCorr   .          Rampage  .   s - +0 pair of gloves
Will    .....                   (no boots)
Stlth   ++........              B - amulet of Ashenzari's Lethargy {RegenMP, Elem, Bglg} (curse)
HPRegen 1.03/turn               f - ring of the Shackled Sage {Wiz, Self, Bglg} (curse)
MPRegen 0.56/turn               G - ring of the Tortoise {AC+8, Elem, Alch} (curse)

@: short of breath, studying Long Blades
A: breathe steam, AC +7, unfitting armour, cold-blooded, steam resistance,
stinger 1, dopey 1, regeneration 1, subdued magic 1
a: Breathe Steam, Renounce Religion, Curse Item, Shatter the Chains


You were in a bailey.
You worshipped Ashenzari.
Ashenzari was pleased with you.
You visited 1 branch of the dungeon, and saw 7 of its levels.
You also visited: Sewer, Ossuary and Bailey.

You collected 1945 gold pieces.
You spent 1120 gold pieces at shops.

Inventory:

Hand Weapons
 C - a +5 falchion of electrocution (weapon)
Armour
 s - a +0 pair of gloves (worn)
Jewellery
 f - the cursed ring of the Shackled Sage (left hand) {Wiz, Self, Bglg}
   (You found it on level 1 of the Dungeon)

   [ring of wizardry]

   It improves your spell success rate.
   It has a curse which improves the following skills: Introspection: Fighting
   and Spellcasting.
   Beguiling: Conjurations, Hexes and Translocations.
 k - a +4 ring of evasion
 n - a +6 ring of strength
 y - an amulet of the acrobat
 B - the cursed amulet of Ashenzari's Lethargy (around neck) {RegenMP, Elem, Bglg}
   (You found it on level 4 of the Dungeon)

   [amulet of magic regeneration]

   It increases your rate of magic regeneration.
   It has a curse which improves the following skills: Elements: Fire Magic, Ice
   Magic, Air Magic and Earth Magic.
   Beguiling: Conjurations, Hexes and Translocations.
 G - the cursed ring of the Tortoise (right hand) {AC+8, Elem, Alch}
   (You acquired it in an ossuary)

   [ring of protection]

   AC:        It affects your AC (+8).
   It has a curse which improves the following skills: Elements: Fire Magic, Ice
   Magic, Air Magic and Earth Magic.
   Alchemy:   Poison Magic and Transmutations.
Wands
 D - a wand of charming (9)
 E - a wand of flame (17)
Scrolls
 b - 2 scrolls of enchant armour
 c - a scroll of amnesia
 j - a scroll of poison
 l - a scroll of brand weapon
 m - 2 scrolls of butterflies
 q - a scroll of blinking
 r - 3 scrolls of vulnerability
 t - 3 scrolls of immolation
 u - 2 scrolls of magic mapping
 w - a scroll of summoning
 x - 3 scrolls of fear
 z - 7 scrolls of teleportation
Potions
 a - 2 potions of magic
 d - a potion of cancellation
 e - 3 potions of mutation
 g - 2 potions of lignification
 h - 2 potions of might
 i - 8 potions of curing
 p - 3 potions of haste
 v - a potion of heal wounds
 A - 2 potions of attraction
 F - a potion of flight


   Skills:
 + Level 5.7(6.9) Fighting
 + Level 5.6 Long Blades
 + Level 5.1 Dodging
 - Level 1.7 Stealth
 + Level 5.2(6.4) Spellcasting
 + Level 5.4(7.3) Conjurations
 * Level 8.9(10.8) Air Magic


You had 15 spell levels left.
You knew the following spells:

 Your Spells              Type           Power      Damage    Failure   Level
a - Shock                 Conj/Air       96%        1d9       1%          1
b - Airstrike             Air            14%        2d(2-18)  1%          4

Your spell library contained the following spells:

 Spells                   Type           Power      Damage    Failure   Level
 Static Discharge         Conj/Air       24%        3-6/arc   1%          2
 Swiftness                Air            28%        N/A       1%          3
 Dazzling Flash           Conj/Hex       24%        N/A       2%          3
 Wereblood                Tmut           4%         N/A       7%          2
 Sublimation of Blood     Necr           3%         N/A       8%          2
 Iskenderun's Mystic Bla  Conj/Tloc      12%        2d5       11%         4
 Inner Flame              Hex/Fire       4%         N/A       13%         3
 Portal Projectile        Hex/Tloc       8%         N/A       13%         3
 Tukima's Dance           Hex            4%         N/A       13%         3
 Cause Fear               Hex            2%         N/A       38%         4
 Blade Hands              Tmut           2%         N/A       77%         5
 Starburst                Conj/Fire      6%         6d4       83%         6
 Summon Hydra             Summ           1%         N/A       100%        7
 Discord                  Hex            2%         N/A       100%        8


Dungeon Overview and Level Annotations

Branches:
Dungeon (7/15)             Temple (0/1) D:5           Sewer (visited)
Ossuary (visited)          Bailey (1/1)

Altars:
Ashenzari
Cheibriados
Kikubaaqudgha
Sif Muna
Xom

Shops:
D:4 :


Innate Abilities, Weirdness & Mutations

You can breathe blasts of scalding, opaque steam.
Your pale cyan-grey scales are hard. (AC +7)
You cannot fit into any form of body armour.
You are cold-blooded and may be slowed by cold attacks.
You are immune to the effects of steam.
Your tail ends in a venomous barb.
You are dopey. (Int -2)
Your natural rate of healing is unusually fast.
Your spells are a little easier to cast, but a little less powerful.


Message History

The orc knight hits you with a +0 war axe!
You hit the orc knight.
Lightning courses through the orc knight!
The orc knight is severely wounded.
The orc knight misses you.
You hit the orc knight but do no damage.
The orc knight is severely wounded.
You have got your breath back.
The orc knight hits you with a +0 war axe!
You closely miss the orc knight.
The orc knight is severely wounded.
The orc knight hits you with a +0 war axe.
You hit the orc knight but do no damage.
You tail-slap the orc knight, but do no damage.
The orc knight is severely wounded.
The orc knight hits you with a +0 war axe!
* * * LOW HITPOINT WARNING * * *
Aiming: Breathe Steam (1% risk of failure)
Press: ? - help, Shift-Dir - straight line, f/p - orc knight
Aim: an orc knight, wielding a +0 war axe and wearing a +0 plate armour (severely wounded, 71% to hit)
You exhale a blast of scalding steam.
The ball of steam hits the orc knight.
The orc knight is severely wounded.
The orc knight is engulfed in a cloud of scalding steam.
The orc knight hits you but does no damage.
You hit the orc knight but do no damage.
The orc knight is almost dead.
The orc knight is engulfed in a cloud of scalding steam.
The orc knight hits you with a +0 war axe!!
* * * LOW HITPOINT WARNING * * *
Unknown command.
Okay, then.
You feel much better.
The orc knight hits you with a +0 war axe!
* * * LOW HITPOINT WARNING * * *
You closely miss the orc knight.
You tail-slap the orc knight, but do no damage.
The orc knight is almost dead.
The orc knight is engulfed in a cloud of scalding steam.
The orc knight hits you with a +0 war axe!
You die...

∩ , , #... , ..... , ,
,,,, #... ,..).. , ,
#... , .... ,###
,###). * ,.))###.###,
###)### * #§#.....###
###.....#
##.........###...).)..
#...o.......#.........
#....@....).#.........
#...).⌠....)#.....)...
#.......)...))........
#...........#.........
##.........###........
###.....### ###.....#
###.### ###.### ### ##


You could see an orc knight.

Vanquished Creatures
  Pikel (D:4)
  A komodo dragon (D:7)
  2 wraiths (Ossuary)
  Eustachio (D:4)
  Edmund (D:4)
  A water moccasin (D:6)
  A black bear (D:5)
  3 orc warriors
  2 sky beasts
  An ice beast (D:5)
  3 ogres
  2 lemures (D:4)
  A phantom (D:6)
  3 kobold brigands (Sewer)
  2 scorpions
  A necrophage (D:4)
  3 wights (Ossuary)
  5 jellies
  Jessica (D:3)
  An orc wizard (D:6)
  Ijyb (D:3)
  7 iguanas
  The ghost of BigDaddyOpFi the Sneak, a weakling MiDe (D:5)
  7 gnolls
  14 adders
  4 river rats
  2 adder zombies (Ossuary)
  3 worms (D:2)
  3 dart slugs
  9 orcs
  6 endoplasms
  3 giant cockroaches
  16 goblins
  6 hobgoblins
  6 jackals (Sewer)
  5 quokkas
  14 ball pythons
  2 ball python skeletons (Ossuary)
  3 bats
  7 frilled lizards
  2 hobgoblin skeletons (Ossuary)
  A hobgoblin zombie (Ossuary)
  4 kobolds
  A kobold zombie (Ossuary)
  An orc skeleton (Ossuary)
  6 rats
170 creatures vanquished.

Vanquished Creatures (others)
  21 plants
21 creatures vanquished.

Grand Total: 191 creatures vanquished

Notes
Turn   | Place    | Note
-------+----------+-------------------------------------------
     0 | D:1      | valliere the Draconian Air Elementalist began the quest for
                  | the Orb.
     0 | D:1      | Reached XP level 1. HP: 14/14 MP: 3/3
   495 | D:1      | Reached XP level 2. HP: 22/22 MP: 0/5
  1016 | D:2      | Reached XP level 3. HP: 24/27 MP: 1/6
  1048 | D:2      | Reached skill level 1 in Fighting
  1422 | D:2      | Reached skill level 1 in Long Blades
  1478 | D:2      | Reached XP level 4. HP: 22/35 MP: 1/7
  1605 | D:2      | Found an ancient bone altar of Kikubaaqudgha.
  2671 | D:2      | Learned a level 4 spell: Airstrike
  2680 | D:3      | Noticed Ijyb
  2703 | D:3      | Killed Ijyb
  2704 | D:3      | Reached XP level 5. HP: 15/40 MP: 2/8
  2893 | D:3      | Found a broken altar of Ashenzari.
  2907 | D:3      | Became a worshipper of Ashenzari the Shackled
  2960 | D:3      | Found a glowing drain.
  2972 | D:3      | Reached skill level 4 in Air Magic
  3021 | Sewer    | Entered a sewer
  3356 | Sewer    | Reached XP level 6. HP: 48/48 MP: 3/10
  4381 | D:3      | Found a shimmering altar of Xom.
  4382 | D:3      | Gained mutation: You are dopey. (Int -2) [potion of
                  | mutation]
  4382 | D:3      | Gained mutation: Your spells are a little easier to cast,
                  | but a little less powerful. [potion of mutation]
  4382 | D:3      | Gained mutation: Your tail ends in a venomous barb. [potion
                  | of mutation]
  4382 | D:3      | Gained mutation: Your natural rate of healing is unusually
                  | fast. [potion of mutation]
  4389 | D:3      | Noticed Jessica
  4394 | D:3      | Killed Jessica
  4551 | D:3      | Found a snail-covered altar of Cheibriados.
  4960 | D:4      | Your scales start taking on a pale cyan-grey colour.
  4960 | D:4      | Reached skill level 5 in Air Magic
  4960 | D:4      | Reached XP level 7. HP: 55/57 MP: 4/12
  4960 | D:4      | Gained mutation: You are immune to the effects of steam.
                  | [Pale Draconian growth]
  5388 | D:4      | Found Teosusun's Book Boutique.
  5427 | D:4      | Noticed Pikel
  5456 | D:4      | Killed Pikel
  5457 | D:4      | Reached skill level 6 in Air Magic
  5457 | D:4      | Reached XP level 8. HP: 48/66 MP: 12/14
  5537 | D:4      | Noticed Eustachio
  5551 | D:4      | Killed Eustachio
  5615 | D:4      | Reached * piety under Ashenzari
  5705 | D:4      | Noticed Edmund
  5713 | D:4      | Killed Edmund
  5837 | D:4      | Found a shimmering blue altar of Sif Muna.
  5837 | D:4      | Identified Sif Muna's Meditations on Embers
  5837 | D:4      | Identified Sif Muna's Almanac of Feathers
  5837 | D:4      | Identified Sif Muna's Folio of Gusts
  6014 | D:5      | Entered Level 5 of the Dungeon
  6021 | D:5      | Found a runed translucent gate.
  6021 | D:5      | Found a runed translucent gate.
  6021 | D:5      | Found a runed translucent gate.
  6022 | D:5      | Noticed BigDaddyOpFi's ghost (weakling MiDe)
  6042 | D:5      | Reached skill level 7 in Air Magic
  6108 | D:5      | Found a staircase to the Ecumenical Temple.
  6186 | D:5      | Identified the +0 robe of Trumpets {rN++ Regen+ Str-5
                  | Dex+2}
  6721 | D:5      | Killed BigDaddyOpFi's ghost
  6740 | D:5      | Reached XP level 9. HP: 44/74 MP: 13/16
  6839 | D:6      | Identified the +1 leather armour "Urallik" {Fly rF++ Str-3
                  | SInv}
  6879 | D:6      | Found a sand-covered staircase.
  6884 | Ossuary  | Entered an ossuary
  6990 | Ossuary  | Identified 3 scrolls of acquirement
  7014 | Ossuary  | Acquired the ring of the Tortoise {AC+8}
  7014 | Ossuary  | Found the ring of the Tortoise {AC+8}
  7018 | Ossuary  | Acquired 970 gold pieces
  7020 | Ossuary  | Acquired 690 gold pieces
  7081 | Ossuary  | Reached skill level 5 in Fighting
  7081 | Ossuary  | Reached skill level 8 in Air Magic
  7310 | D:6      | Reached ** piety under Ashenzari
  7429 | D:4      | Bought a manual of Long Blades for 1120 gold pieces
  7551 | D:6      | Reached skill level 5 in Conjurations
  7720 | D:7      | Noticed a komodo dragon
  7723 | D:7      | Reached skill level 5 in Spellcasting
  7726 | D:7      | Reached skill level 5 in Long Blades
  7731 | D:7      | Killed a komodo dragon
  7761 | D:7      | Reached skill level 5 in Dodging
  7771 | D:7      | Found a flagged portal.
  7790 | Bailey   | Entered a bailey
  7910 | Bailey   | Noticed an orc knight
  7931 | Bailey   | HP: 1/78 [orc knight/+0 war axe (22)]
  7933 | Bailey   | Slain by an orc knight

Illustrated notes

Levels and vault maps discovered:
D:1:      scummos_arrival_hexagon, layout_basic, minmay_misc_feat_pillars,
          nrook_campfire, grunt_decor_mini_mirrors
D:2:      layout_basic, basic_altar, hex_large, minmay_tromino_v7
D:3:      layout_rooms, xom_teletrap_fun, overflow_temple_1_default,
          mainiacjoe_overflow_tiny_flanked, serial_rivers,
          chequers_serial_rivers_room_b, chequers_serial_rivers_large_a,
          chequers_serial_rivers_micro_b, chequers_serial_rivers_micro_b,
          cheibrodos_sewer_entry_sluice, uniq_ijyb, uniq_jessica
D:4:      layout_basic, nicolae_sif_muna_little_library, serial_shops,
          nicolae_shop_advertising_works [nicolae_subvault_shop_adworks],
          uniq_pikel, uniq_edmund, uniq_eustachio
D:5:      layout_loops_cross, minmay_temple_entry_drinking_statues,
          gammafunk_ghost_split
D:6:      layout_rooms, enter_ossuary_2
D:7:      layout_basic, mainiacjoe_overflow_small_starburst,
          nicolae_overflow_hidden_temple, enter_bailey_3, minmay_lizard_king
Bailey:   bailey_axe_minmay_hex_keep, bailey

Skill      XL: |  1  2  3  4  5  6  7  8  9 |
---------------+----------------------------+-----
Dodging        | 2 3 4 5 |  5.1
Fighting       | 1 2 3 4 5 |  5.7
Long Blades    | 1 2 3 4 5 |  5.6
Conjurations   | 2 3 4 5 |  5.4
Air Magic      | 4 5 6 7 8 |  8.9
Spellcasting   | 3 4 5 |  5.2
Stealth        | |  1.7

Action                   |  1- 3 |  4- 6 |  7- 9 || total
-------------------------+-------+-------+-------++-------
Melee: Unarmed           |     5 |       |       ||     5
       Spear             |    29 |   110 |    16 ||   155
       Tailslap          |     5 |     9 |    17 ||    31
       Falchion          |       |       |   134 ||   134
 Cast: Shock             |    54 |   141 |   159 ||   354
Invok: Curse Item        |       |     1 |     2 ||     3
 Abil: Breathe Steam     |       |       |    22 ||    22
  Use: Scroll            |       |     1 |     6 ||     7
       Potion            |       |     1 |     1 ||     2
 Stab: Sleeping          |       |       |     7 ||     7
Armor: Skin              |     2 |    37 |    53 ||    92
Dodge: Dodged            |    27 |    90 |   108 ||   225
